 Dungeon Crawl Stone Soup version 0.26-a0-665-gefeb406119 (console) character file.

Game seed: 952607207989772470

7817 om the Basher (level 11, -8/105 HPs)
             Began as an Ogre Berserker on Oct 14, 2020.
             Was a High Priest of Trog.
             Mangled by a komodo dragon (26 damage)
             ... on level 1 of the Lair of Beasts.
             The game lasted 00:16:34 (11196 turns).

om the Basher (Ogre Berserker)                     Turns: 11196, Time: 00:16:34

Health: -8/105     AC:  7    Str: 25    XL:     11   Next: 21%
Magic:  0/11       EV: 13    Int:  8    God:    Trog [*****.]
Gold:   593        SH:  0    Dex:  9    Spells: 10/10 levels left

rFire    + . .     SeeInvis .   a - +7 quarterstaff {elec, *Slow +Rage +Inv rF+}
rCold    . . .     Faith    .   (shield currently unavailable)
rNeg     . . .     Spirit   +   u - +0 troll leather armour
rPois    .         Reflect  .   (helmet restricted)
rElec    .         Harm     .   l - +1 cloak
rCorr    .         Rampage  .   (gloves unavailable)
MR       ++++.                  (boots unavailable)
Stlth    +.........             i - amulet of guardian spirit
HPRegen  1.67/turn              s - ring of protection from magic
MPRegen  0.12/turn              (no ring)

@: berserk cooldown, regenerating, slowed, very slow
A: large, unfitting armour, beak, mutation resistance 1, tough skin 1
a: Berserk, Trog's Hand, Brothers in Arms, Renounce Religion, Evoke Berserk
Rage, Evoke Invisibility


You were on level 1 of the Lair of Beasts.
You worshipped Trog.
Trog was extremely pleased with you.
You visited 2 branches of the dungeon, and saw 10 of its levels.

You collected 593 gold pieces.

Inventory:

Hand Weapons
 a - the +7 quarterstaff of Qosch (weapon) {elec, *Slow +Rage +Inv rF+}
   (You found it on level 8 of the Dungeon)

   Occasionally, upon striking a foe, it will discharge some electrical energy
   and cause terrible harm.
   It protects you from fire.
   It lets you turn invisible.
   It lets you go berserk.
   It may slow you when you take damage.
 j - the +3 quarterstaff "Exzydo" {speed, rElec Dex+2}
   (You found it on level 7 of the Dungeon)

   Attacks with this weapon are significantly faster.
   It affects your dexterity (+2).
   It insulates you from electricity.
 x - a +0 giant spiked club
 C - a +0 great mace
Missiles
 B - 3 large rocks (quivered)
Armour
 b - a +0 animal skin
 l - a +1 cloak (worn)
 u - a +0 troll leather armour (worn)
Jewellery
 h - an uncursed ring of fire
 i - an amulet of guardian spirit (around neck)
 s - a ring of protection from magic (left hand)
Wands
 q - a wand of disintegration (8)
 r - a wand of flame (15)
Scrolls
 c - a scroll of amnesia {unknown}
 f - 3 scrolls of magic mapping
 k - 2 scrolls of noise
 p - 4 scrolls of remove curse
 t - 2 scrolls of immolation
 v - a scroll of teleportation
 y - a scroll of fear {unknown}
 z - a scroll of brand weapon
 A - 2 scrolls of fog
Potions
 d - 2 potions of invisibility
 g - a potion of brilliance {unknown}
 m - 3 potions of curing
 n - 2 potions of lignification
 o - a potion of flight {unknown}
 D - a potion of might {unknown}
Miscellaneous
 w - a box of beasts (3/3)


   Skills:
 - Level 6.0 Fighting
 - Level 10.0 Maces & Flails
 - Level 6.0 Throwing
 * Level 9.4 Dodging
 - Level 5.0 Evocations


You had 10 spell levels left.
You didn't know any spells.
Your spell library was empty.

Dungeon Overview and Level Annotations

Branches:
Dungeon (9/15)             Temple (0/1) D:6            Lair (1/6) D:9
    Orc (0/2) D:9

Altars:
Ashenzari
Cheibriados
Elyvilon
Hepliaklqana
Kikubaaqudgha
Okawaru
Trog
Uskayaw
Vehumet
Xom

Shops:
D:4 [   D:6 (   D:7 [


Innate Abilities, Weirdness & Mutations

You are too large for most types of armour.
You have tough skin. (AC +1)
You have a beak for a mouth.
You are somewhat resistant to further mutation.


Message History

The komodo dragon bites you but does no damage.
The komodo dragon bites you!!
* * * LOW HITPOINT WARNING * * *
Okay, then.
You feel much better. The komodo dragon bites you.
* * * LOW HITPOINT WARNING * * *
You feel much better. The komodo dragon barely misses you.
The komodo dragon bites you!
You sock the komodo dragon! You peck the komodo dragon.
The komodo dragon is heavily wounded.
The komodo dragon bites you!
* * * LOW HITPOINT WARNING * * *
You sock the komodo dragon! You peck the komodo dragon.
The komodo dragon is severely wounded.
The komodo dragon bites you!
* * * LOW HITPOINT WARNING * * *
The komodo dragon bites you but does no damage.
The komodo dragon barely misses you.
Your two-headed ogre goes berserk!
The komodo dragon bites you!!
You die...

##....## #.....#
###...##
#P....##
##.....# #....##
#.#..# ####.#
#O.# ##.# #@#
#l# #h# ≈ #.#
###). #. #.##
#.....
#..#..####....#
#...........##
#..#.........#
#....###......#
#..... ........#
#...............


You could see a komodo dragon, a black bear and a friendly two-headed ogre
(summoned, berserk).

Vanquished Creatures
  Harold (D:7)
  A hydra (Lair:1)
  A two-headed ogre (D:8)
  Pikel (D:7)
  A cane toad (Lair:1)
  A troll (D:9)
  A shadow (D:8)
  6 yaks (D:8)
  An orc warrior (D:7)
  2 sky beasts
  A black bear (D:9)
  3 ice beasts
  4 phantoms
  4 ogres
  4 centaurs
  2 lemures (D:7)
  A bullfrog (D:7)
  A wyvern skeleton (D:7)
  2 troll zombies (D:9)
  2 scorpions
  5 killer bees (D:7)
  7 wights
  A howler monkey (D:8)
  2 bullfrog zombies
  A centaur zombie (D:8)
  3 jellies
  A quasit (D:8)
  2 centaur skeletons
  A gnoll shaman (D:7)
  3 orc priests
  Crazy Yiuf (D:2)
  5 hounds
  4 worker ants
  An iguana (D:6)
  5 orc wizards
  A killer bee zombie (D:8)
  6 ogre zombies (D:9)
  A hound zombie (D:6)
  A worker ant zombie (D:6)
  14 gnolls
  6 adders
  A shadow imp (D:6)
  An ufetubus (D:8)
  An adder zombie (D:8)
  3 adder skeletons
  2 worms
  The ghost of flotson the Sneak, a weakling DsDe (D:5)
  2 dart slugs
  4 leopard geckos
  19 orcs
  A ball python (D:2)
  6 bats
  4 giant cockroaches
  10 goblins
  6 hobgoblins
  10 jackals
  14 kobolds
  2 quokkas (D:2)
  2 frilled lizards
  2 goblin skeletons (D:9)
  2 goblin zombies (D:9)
  2 hobgoblin zombies (D:9)
  A jackal skeleton (D:9)
  A leopard gecko skeleton (D:8)
  3 orc skeletons (D:9)
  16 orc zombies (D:9)
  A quokka zombie (D:5)
  3 rats (D:1)
231 creatures vanquished.

Vanquished Creatures (others)
  A kobold (D:2)
1 creature vanquished.

Grand Total: 232 creatures vanquished

Notes
Turn   | Place    | Note
-------+----------+-------------------------------------------
     0 | D:1      | om the Ogre Berserker began the quest for the Orb.
     0 | D:1      | Reached XP level 1. HP: 24/24 MP: 1/1
    59 | D:1      | Reached skill level 3 in Maces & Flails
    59 | D:1      | Reached XP level 2. HP: 32/32 MP: 2/2
   448 | D:1      | Reached XP level 3. HP: 40/40 MP: 3/3
   649 | D:2      | Found a radiant altar of Vehumet.
   864 | D:2      | Found a snail-covered altar of Cheibriados.
   866 | D:2      | Found a broken altar of Ashenzari.
   866 | D:2      | Found a hazy altar of Hepliaklqana.
   866 | D:2      | Found an ancient bone altar of Kikubaaqudgha.
   876 | D:2      | You fall into a shaft and drop 2 floors!
   900 | D:4      | Found Irufioqi's Armour Boutique.
   934 | D:3      | Reached ** piety under Trog
  1244 | D:2      | Found a white marble altar of Elyvilon.
  1277 | D:2      | Reached XP level 4. HP: 30/49 MP: 1/4
  1777 | D:2      | Found a runed translucent door.
  1778 | D:2      | Noticed Crazy Yiuf
  1818 | D:2      | Killed Crazy Yiuf
  2074 | D:2      | Reached skill level 4 in Maces & Flails
  2249 | D:2      | Reached skill level 5 in Fighting
  2438 | D:2      | Reached XP level 5. HP: 57/57 MP: 5/5
  2893 | D:3      | Gained mutation: You have a beak for a mouth. [potion of
                  | mutation]
  2893 | D:3      | Gained mutation: You are somewhat resistant to further
                  | mutation. [potion of mutation]
  2933 | D:3      | Reached skill level 1 in Evocations
  2933 | D:3      | Reached XP level 6. HP: 38/66 MP: 3/6
  3511 | D:4      | Found a shimmering altar of Xom.
  3685 | D:4      | Noticed a phantom
  3691 | D:4      | Killed a phantom
  3691 | D:4      | Reached skill level 5 in Maces & Flails
  3830 | D:4      | Reached XP level 7. HP: 64/74 MP: 4/7
  4108 | D:5      | Entered Level 5 of the Dungeon
  4663 | D:5      | Reached skill level 6 in Maces & Flails
  4663 | D:5      | Reached XP level 8. HP: 80/83 MP: 8/8
  4734 | D:5      | Found a hide-covered altar of Uskayaw.
  4799 | D:5      | Found an iron altar of Okawaru.
  5076 | D:5      | Found a runed translucent door.
  5078 | D:5      | Noticed flotson's ghost (weakling DsDe)
  5211 | D:5      | Killed flotson's ghost
  5211 | D:5      | Reached *** piety under Trog
  5447 | D:6      | Reached skill level 5 in Dodging
  5859 | D:6      | Found Udym's Antique Weapon Boutique.
  6299 | D:6      | Reached skill level 7 in Maces & Flails
  6366 | D:6      | Found a staircase to the Ecumenical Temple.
  6924 | D:7      | Found Siumisit's Armour Boutique.
  7077 | D:7      | Reached XP level 9. HP: 63/89 MP: 4/9
  7447 | D:7      | Noticed Harold
  7846 | D:7      | Got a transparent quarterstaff
  7847 | D:7      | Identified the +3 quarterstaff "Exzydo" {speed, rElec
                  | Dex+2} (You found it on level 7 of the Dungeon)
  7919 | D:7      | Noticed Pikel
  7938 | D:7      | Killed Pikel
  7938 | D:7      | Reached skill level 8 in Maces & Flails
  8074 | D:7      | Killed Harold
  8074 | D:7      | Reached skill level 9 in Maces & Flails
  8074 | D:7      | Reached skill level 5 in Evocations
  8163 | D:7      | Reached XP level 10. HP: 98/98 MP: 10/10
  8513 | D:7      | Reached skill level 1 in Throwing
  8972 | D:8      | Noticed a two-headed ogre
  8978 | D:8      | Killed a two-headed ogre
  9033 | D:8      | Reached **** piety under Trog
  9097 | D:8      | Found a bloodstained altar of Trog.
  9175 | D:8      | Reached skill level 10 in Maces & Flails
  9496 | D:8      | Got an ancient quarterstaff
  9497 | D:8      | Identified the +7 quarterstaff of Qosch {elec, *Slow +Rage
                  | +Inv rF+} (You found it on level 8 of the Dungeon)
 10301 | D:9      | Found a staircase to the Orcish Mines.
 10542 | D:9      | Reached skill level 5 in Throwing
 10567 | D:9      | Reached XP level 11. HP: 45/105 MP: 5/11
 10670 | D:9      | Found a staircase to the Lair.
 10726 | D:9      | Reached ***** piety under Trog
 10993 | Lair:1   | Entered Level 1 of the Lair of Beasts
 11170 | Lair:1   | Noticed an eight-headed hydra
 11177 | Lair:1   | Killed an eight-headed hydra
 11189 | Lair:1   | HP: 1/105 [komodo dragon (28)]
 11196 | Lair:1   | Mangled by a komodo dragon

Illustrated notes

Levels and vault maps discovered:
D:1:      dpeg_arrival_arbitrary_c, layout_basic
D:2:      minmay_diamond_boxcup, layout_loops_ring, elyvilon_altar_4,
          grunt_temple_overflow_open, lemuel_statue_altar,
          uniq_crazy_yiuf_cottage
D:3:      layout_rooms
D:4:      layout_loops_ring, old_standard_altar, serial_shops, shop
D:5:      layout_loops_ring, kennysheep_little_box, ebering_ghost_inner_flame,
          kennysheep_okawaru_gauntlet
D:6:      layout_loops_corners, minmay_temple_entry_crystal_x, serial_shops,
          shop, minivault_26
D:7:      layout_loops_ring, serial_shops, shop, ebering_dispersal_statue_hall,
          nrook_mini_vaults, uniq_harold, uniq_pikel
D:8:      layout_rooms, lemuel_doored_altar, nicolae_two_hexagons
D:9:      layout_cave_pools, lair_entry_dummy, zombieorc2_lemuel
Lair:1:   layout_cave_pods, nicolae_quartered_pool_super, st_stairs_8,
          lemuel_fruit_fields

Skill      XL: |  1  2  3  4  5  6  7  8  9 10 11 |
---------------+----------------------------------+-----
Maces & Flails | 3 4 5 6 7 9 10 | 10.0
Dodging        | 3 4 5 6 8 9 |  9.4
Fighting       | 5 6 |  6.0
Evocations     | 1 2 3 5 |  5.0
Throwing       | 5 6 |  6.0

Action                   |  1- 3 |  4- 6 |  7- 9 | 10-12 || total
-------------------------+-------+-------+-------+-------++-------
Melee: Mace              |   113 |   143 |    10 |       ||   266
       Peck              |       |    10 |    30 |    58 ||    98
       Giant club        |       |       |   150 |       ||   150
       Quarterstaff      |       |       |    37 |   238 ||   275
Invok: Berserk           |     2 |     4 |    11 |     6 ||    23
       Trog's Hand       |       |       |     1 |     1 ||     2
       Brothers in Arms  |       |       |       |     1 ||     1
Evoke: Wand              |       |       |     9 |       ||     9
  Use: Potion            |       |     2 |     1 |     3 ||     6
       Scroll            |       |     1 |     7 |     5 ||    13
 Stab: Invisible         |       |     2 |       |       ||     2
       Sleeping          |       |       |     1 |     1 ||     2
Armor: Animal skin       |    37 |    76 |    37 |    32 ||   182
       Troll leather arm |       |       |       |    36 ||    36
Dodge: Dodged            |    87 |   117 |   136 |   206 ||   546

Table legend: (Time is in decaauts)
 A = Elapsed time spent in this place.
 B = Non-inter-level travel time spent in this place.
 C = Inter-level travel time spent in this place.
 D = Time resting spent in this place.
 E = Time spent auto-exploring this place.
 F = Levels seen in this place.
 G = Mean time per level.
                   A        B        C        D        E       F      G
               +--------+--------+--------+--------+--------+-----+--------+
         Total |  11448 |  10945 |    503 |   3573 |   5654 |  10 | 1144.8 |
       Dungeon |  11240 |  10737 |    503 |   3486 |   5578 |   9 | 1248.9 |
          Lair |    208 |    208 |      0 |     87 |     76 |   1 |  208.0 |
               +--------+--------+--------+--------+--------+-----+--------+

Top non-repeatable levels by time:
     D:2: 2024 daAuts
     D:6: 1867 daAuts
     D:8: 1560 daAuts
     D:7: 1535 daAuts
     D:5: 1363 daAuts
     D:4: 806 daAuts
     D:3: 727 daAuts
     D:9: 696 daAuts
     D:1: 656 daAuts
  Lair:1: 208 daAuts
